 Dungeon Crawl Stone Soup version 0.30-a0-576-g89cddaab80 (webtiles) character file.

Game seed: 4654630303480912993

845 KennySheep the Conjurer (level 8, -11/78 HPs)
             Began as a Human Conjurer on Dec 31, 2022.
             Was a Believer of Vehumet.
             Mangled by an orc warrior
             ... wielding a +0 scimitar
              (18 damage)
             ... on level 6 of the Dungeon.
             The game lasted 00:16:26 (5848 turns).

KennySheep the Conjurer (Human Conjurer)            Turns: 5848, Time: 00:16:27

Health: -11/78     AC:  2    Str:  8    XL:     8   Next: 20%
Magic:  0/14       EV: 12    Int: 20    God:    Vehumet [**....]
Gold:   251        SH:  0    Dex: 12    Spells: 8/15 levels left

rFire   . . .      SeeInvis .    m - +2 dagger (venom)
rCold   . . .      Faith    .    (no shield)
rNeg    . . .      Spirit   .    a - +0 robe
rPois   .          Reflect  .    (no helmet)
rElec   .          Harm     .    (no cloak)
rCorr   .          Rampage  .    (no gloves)
Will    .....                    (no boots) Stlth
                                 (no amulet)
HPRegen 0.33/turn                (no ring)
MPRegen 0.14/turn                (no ring)

@: berserking, very quick
A: no striking features
a: Renounce Religion


You were on level 6 of the Dungeon.
You worshipped Vehumet.
Vehumet was pleased with you.
You visited 1 branch of the dungeon, and saw 6 of its levels.

You collected 251 gold pieces.

Inventory:

Hand Weapons
 m - a +2 dagger of venom (weapon)
Armour
 a - a +0 robe (worn)
Scrolls
 c - 3 scrolls of vulnerability
 e - a scroll of teleportation
 j - a scroll of silence
 k - a scroll of noise
 l - a scroll of brand weapon
 n - a scroll of magic mapping {unknown}
Potions
 d - a potion of cancellation {unknown}
 f - 3 potions of heal wounds
 g - a potion of curing
 h - a potion of brilliance {unknown}
 i - a potion of lignification
 o - a potion of magic
 p - 2 potions of flight {unknown}


   Skills:
 - Level 2.0 Dodging
 - Level 2.0 Stealth
 + Level 4.0 Spellcasting
 * Level 6.8 Conjurations
 * Level 5.3 Translocations


You had 8 spell levels left.
You knew the following spells:

 Your Spells              Type           Power      Damage    Failure   Level
a - Magic Dart            Conj           100%       1d8       1%          1
b - Searing Ray           Conj           62%        2d6       1%          2
c - Iskenderun's Mystic   Conj/Tloc      28%        2d7       11%         4

Your spell library contained the following spells:

 Spells                   Type           Power      Damage    Failure   Level
 Kindle Blastsparks       Fire/Tloc/Air  22%        2d11      19%         3
 Kiss of Death            Conj/Necr      68%        2d10      3%          1
 Dazzling Flash           Conj/Hex       34%        N/A       10%         3
 Fulminant Prism          Conj/Hex       8%         3d7       30%         4
 Frozen Ramparts          Ice            8%         1d2       36%         3
 Summon Guardian Golem    Hex/Summ       4%         N/A       36%         3
 Ice Form                 Ice/Tmut       4%         N/A       77%         4
 Summon Ice Beast         Ice/Summ       4%         N/A       77%         4
 Yara's Violent Unravell  Hex/Tmut       2%         3d3       98%         5


Dungeon Overview and Level Annotations

Branches:
Dungeon (6/15)             Temple (0/1) D:4

Altars:
Dithmenos
Gozag
Kikubaaqudgha
Sif Muna
Vehumet
The Shining One

Annotations:
D:6 1 runed translucent door, Crazy Yiuf


Message History

You erupt in a blast of force!
The mystic blast hits the orc warrior.
The orc warrior is heavily wounded.
The mystic blast hits the orc priest.
The orc priest is heavily wounded.
The orc priest is knocked back by the mystic blast.
Casting: Iskenderun's Mystic Blast (dangerous; 11% risk of failure)
Confirm with . or Enter, or press ? or * to list all spells.
You erupt in a blast of force!
The mystic blast hits the orc priest but does no damage.
The orc priest is heavily wounded.
The mystic blast hits the orc warrior but does no damage.
The orc warrior is heavily wounded.
The orc warrior hits you with a +0 scimitar.
* * * LOW HITPOINT WARNING * * *
Casting: Iskenderun's Mystic Blast (dangerous; 11% risk of failure)
Confirm with . or Enter, or press ? or * to list all spells.
You erupt in a blast of force!
The mystic blast hits the orc warrior.
The orc warrior is severely wounded.
The orc warrior is knocked back by the mystic blast.
The mystic blast hits the orc priest!
You kill the orc priest!
Vehumet accepts your kill.
You feel your power returning.
Casting: Iskenderun's Mystic Blast (dangerous; 11% risk of failure)
Confirm with . or Enter, or press ? or * to list all spells.
Aiming: Searing Ray (safe; 1% risk of failure)
Press: ? - help, Shift-Dir - straight line, f/p - orc warrior
Aim: an orc warrior, wielding a +0 scimitar and wearing a +0 chain mail (severely wounded, 77% to hit)
The searing ray misses the orc warrior. (Press . to maintain the ray.)
The searing ray hits the orc warrior but does no damage.
The orc warrior is severely wounded.
The searing ray hits the orc warrior but does no damage.
The orc warrior is severely wounded.
You aren't carrying any items that you can evoke.
Unknown command.
A red film seems to cover your vision as you go berserk!
You feel yourself moving faster!
You feel mighty!
The orc warrior hits you with a +0 scimitar!!
You die...

######...####
##.## #...#
#...# #...#
##.######### #
#.........#.#
#..##.......##
#.....o@.....#
#..##.##).....#
#..##.# .....##
#...... ..#....
#.....##.## ###
##.#### .# #.#
.# #. .#


You could see an orc warrior.

Vanquished Creatures
  A steam dragon (D:5)
  2 ice beasts
  A black bear (D:5)
  A scorpion (D:4)
  2 orc priests
  A jelly (D:4)
  An iguana (D:5)
  Terence (D:3)
  2 orc wizards
  Natasha (D:3)
  4 adders
  A shadow imp (D:5)
  A white imp (D:6)
  An ufetubus (D:4)
  3 worms
  3 dart slugs
  21 orcs
  4 ball pythons
  6 endoplasms
  3 giant cockroaches
  5 goblins
  8 hobgoblins
  3 quokkas
  6 bats
  4 kobolds
  9 rats
95 creatures vanquished.

Notes
Turn   | Place    | Note
-------+----------+-------------------------------------------
     0 | D:1      | KennySheep the Human Conjurer began the quest for the Orb.
     0 | D:1      | Reached XP level 1. HP: 13/13 MP: 3/3
   212 | D:1      | Reached XP level 2. HP: 19/19 MP: 1/5
   303 | D:1      | Reached skill level 1 in Translocations
   764 | D:1      | Reached XP level 3. HP: 24/24 MP: 3/6
   855 | D:1      | Found a faded altar of an unknown god.
  1011 | D:1      | Prayed at the altar of an unknown god.
  1011 | D:1      | Became a worshipper of Vehumet
  1011 | D:1      | Reached * piety under Vehumet
  1011 | D:1      | Offered knowledge of Foxfire by Vehumet.
  1305 | D:2      | Learned a level 2 spell: Searing Ray
  1751 | D:2      | Reached XP level 4. HP: 17/30 MP: 0/7
  1825 | D:2      | Learned a level 4 spell: Iskenderun's Mystic Blast
  2379 | D:3      | Noticed Terence
  2402 | D:3      | Killed Terence
  2467 | D:3      | Reached XP level 5. HP: 35/35 MP: 5/8
  2686 | D:3      | Offered knowledge of Static Discharge by Vehumet.
  2689 | D:3      | Reached ** piety under Vehumet
  2739 | D:3      | Found an opulent altar of Gozag.
  2890 | D:3      | Reached skill level 5 in Conjurations
  3243 | D:3      | Noticed Natasha
  3246 | D:3      | Killed Natasha
  3693 | D:4      | Reached XP level 6. HP: 41/41 MP: 3/10
  3920 | D:4      | Found a staircase to the Ecumenical Temple.
  4372 | D:5      | Entered Level 5 of the Dungeon
  4384 | D:5      | Noticed a black bear
  4389 | D:5      | Killed a black bear
  4390 | D:5      | Reached XP level 7. HP: 46/46 MP: 6/11
  4436 | D:5      | Noticed a steam dragon
  4454 | D:5      | Killed a steam dragon
  4455 | D:5      | Reached skill level 6 in Conjurations
  4634 | D:5      | Found a radiant altar of Vehumet.
  4688 | D:5      | Found a shadowy altar of Dithmenos.
  4691 | D:5      | Found an ancient bone altar of Kikubaaqudgha.
  4694 | D:5      | Found a shimmering blue altar of Sif Muna.
  4814 | D:5      | Found a glowing golden altar of the Shining One.
  5116 | D:5      | Offered knowledge of Kindle Blastsparks by Vehumet.
  5213 | D:5      | Reached XP level 8. HP: 52/52 MP: 7/13
  5543 | D:6      | Got the Quarto of Curses and Despicable Mysteries
  5599 | D:6      | Found a runed translucent door.
  5600 | D:6      | Noticed Crazy Yiuf
  5711 | D:6      | Reached skill level 5 in Translocations
  5848 | D:6      | Mangled by an orc warrior

Illustrated notes

Levels and vault maps discovered:
D:1:      dpeg_arrival_ratfight, layout_loops_cross,
          hellmonk_ecumenical_altar_leap_of_faith, kennysheep_nondescript,
          hangedman_abyss_or_decor_lesser_grid, minmay_misc_feat_room
D:2:      layout_loops_ring
D:3:      layout_basic, nicolae_gozag_cash_rules_everything_around_me,
          uniq_terence, uniq_natasha
D:4:      layout_loops_cross, minmay_temple_entry_antechambers
D:5:      layout_loops_ring, grunt_temple_overflow_cloverleaf, tso_metal_star
D:6:      layout_loops_corners, old_standard_altar,
          chequers_hall_statues_corner_a, uniq_crazy_yiuf_cottage

Skill      XL: |  1  2  3  4  5  6  7  8 |
---------------+-------------------------+-----
Translocations | 1 2 3 4 5 |  5.3
Conjurations   | 5 6 |  6.8
Spellcasting   | 3 4 |  4.0
Dodging        | |  2.0
Stealth        | |  2.0

Action                   |  1- 3 |  4- 6 |  7- 9 || total
-------------------------+-------+-------+-------++-------
Melee: Dagger            |     2 |       |     9 ||    11
 Cast: Magic Dart        |    56 |    87 |    11 ||   154
       Searing Ray       |     3 |    11 |    12 ||    26
       Iskenderun's Myst |       |       |     5 ||     5
  Use: Potion            |     1 |     2 |     5 ||     8
       Scroll            |     1 |     4 |       ||     5
Armor: Robe              |     1 |     3 |     2 ||     6
       Skin              |       |       |     9 ||     9
Dodge: Dodged            |     2 |    11 |    11 ||    24

Table legend: (Time is in decaauts)
 A = Elapsed time spent in this place.
 B = Non-inter-level travel time spent in this place.
 C = Inter-level travel time spent in this place.
 D = Time resting spent in this place.
 E = Time spent auto-exploring this place.
 F = Levels seen in this place.
 G = Mean time per level.
                   A        B        C        D        E       F      G
               +--------+--------+--------+--------+--------+-----+--------+
         Total |   5864 |   5553 |    311 |    577 |   4218 |   6 |  977.3 |
       Dungeon |   5864 |   5553 |    311 |    577 |   4218 |   6 |  977.3 |
               +--------+--------+--------+--------+--------+-----+--------+

Top non-repeatable levels by time:
     D:3: 1265 daAuts
     D:1: 1230 daAuts
     D:5: 1161 daAuts
     D:2: 1064 daAuts
     D:4: 818 daAuts
     D:6: 324 daAuts
